Map: Newkirk Precinct TE (Void)

Players

BlueDragon - Winner!

  • Race: Protoss Protoss
  • League: Bronze
  • Spawn Location: 7:00

A.I. 1 (Harder)

  • Race: Zerg Zerg
  • Spawn Location: 5:00

VOD

https://www.youtube.com/watch?v=efwkL497hx4

Description

Newkirk Precinct TE (Void) (78) PvZ Zealot Changer + Colo

Time

  • Played on: Feb. 25, 2017, 1:10 p.m.
  • Length: 13:30
Show
View Real Time Build Order
Export as new Build Order

BlueDragon Protoss - Winner!

Build Orders: 1 Gate Expand, Colossus Rush 

Get SALT Encoding   

  12  0:02  Probe (Chrono Boost)  
  13  0:13  Probe (Chrono Boost)  
  14  0:21  Pylon  
  14  0:24  Probe (Chrono Boost)  
  15  0:39  Probe (Chrono Boost)  
  16  0:50  Probe (Chrono Boost)  
  16  0:52  Gateway  
  17  1:01  Assimilator, Probe (Chrono Boost)  
  18  1:25  Nexus  
  18  1:41  Cybernetics Core  
  18  1:42  Probe (Chrono Boost)  
  19  1:52  Probe (Chrono Boost)  
  20  1:56  Assimilator  
  20  2:03  Probe (Chrono Boost)  
  21  2:11  Warp Gate  
  21  2:13  Probe (Chrono Boost)  
  22  2:16  Pylon  
  22  2:34  Zealot  
  24  2:37  Gateway  
  24  2:40  Probe (Chrono Boost)  
  24  2:43  Probe (Chrono Boost)  
  26  2:51  Mothership Core (Chrono Boost)  
  28  2:55  Probe (Chrono Boost)  
  29  3:05  Probe (Chrono Boost)  
  30  3:10  Probe (Chrono Boost)  
  30  3:11  Zealot  
  33  3:23  Gateway  
  33  3:29  Robotics Facility, Probe (Chrono Boost)  
  33  3:31  Probe (Chrono Boost)  
  35  3:38  Stalker  
  35  3:40  Probe (Chrono Boost)  
  38  3:41  Stalker  
  38  3:43  Probe (Chrono Boost)  
  41  3:50  Probe (Chrono Boost)  
  43  3:55  Probe (Chrono Boost)  
  43  4:01  Probe (Chrono Boost)  
  44  4:07  Probe (Chrono Boost)  
  44  4:08  Pylon  
  45  4:11  Pylon, Probe (Chrono Boost)  
  46  4:20  Assimilator  
  46  4:24  Assimilator  
  46  4:26  Immortal, Probe (Chrono Boost)  
  46  4:28  Probe (Chrono Boost)  
  52  4:37  Probe (Chrono Boost)  
  54  4:40  Probe (Chrono Boost)  
  54  4:45  Robotics Bay  
  54  4:47  Probe (Chrono Boost)  
  55  4:58  Probe x2 (Chrono Boost)  
  57  5:16  Pylon  
  57  5:17  Pylon  
  57  5:20  Pylon  
  57  5:28  Gateway  
  57  5:30  Gateway  
  57  5:33  Gateway  
  57  5:35  Gateway  
  57  5:37  Gateway  
  57  5:41  Probe (Chrono Boost)  
  58  5:45  Probe (Chrono Boost)  
  58  5:47  Zealot x3  
  58  5:49  Colossus  
  65  5:53  Extended Thermal Lance  
  71  6:17  Pylon  
  71  6:19  Pylon  
  71  6:24  Twilight Council  
  71  6:31  Forge  
  71  6:32  Zealot  
  73  6:33  Zealot x2  
  73  6:36  Colossus  
  83  6:52  Zealot x4  
  83  6:54  Zealot  
  93  7:04  Charge  
  93  7:17  Pylon  
  93  7:18  Pylon  
  93  7:20  Pylon  
  93  7:27  Colossus  
  93  7:28  Zealot  
  93  7:29  Zealot  
  97  7:30  Zealot x2  
  107  8:04  Sentry x2  
  107  8:05  Sentry x3  
  117  8:06  Sentry x3  
  123  8:16  Warp Prism  
  125  8:43  Nexus  
  125  8:45  Pylon  
  125  8:46  Pylon  
  125  8:48  Pylon  
  125  8:49  Pylon  
  125  8:50  Pylon  
  125  8:52  Pylon  
  119  9:27  Zealot x3  
  119  9:28  Zealot x3  
  119  9:29  Zealot x2  
  73  10:25  Zealot x3  
  73  10:26  Zealot x4  
  73  10:27  Observer, Zealot  
  76  10:48  Zealot  
  76  10:49  Zealot x4  
  84  10:50  Zealot  
  84  10:51  Zealot x2  
  76  11:24  Zealot x2  
  76  11:25  Zealot x4  
  84  11:26  Zealot x2  
  86  12:06  Zealot  
  86  12:07  Zealot x3  
  86  12:08  Zealot x2  
  86  12:09  Zealot x2  
  80  12:30  Stalker x3  
  80  12:31  Stalker x3  
  80  12:32  Stalker x2  
  96  13:01  Zealot x4  
  96  13:02  Zealot x3  
  96  13:03  Zealot  
Show
View Real Time Build Order
Export as new Build Order

A.I. 1 (Harder) Zerg 

Build Orders: Hatch First, Lurkers 

Get SALT Encoding   

  12  0:00  Drone  
  13  0:13  Overlord  
  13  0:18  Drone  
  14  0:31  Drone x2  
  14  0:34  Drone  
  17  0:55  Hatchery  
  17  0:56  Drone  
  17  1:10  Spawning Pool  
  16  1:13  Drone  
  16  1:16  Drone  
  18  1:20  Extractor  
  18  1:22  Drone  
  18  1:29  Overlord  
  18  1:39  Drone  
  19  1:57  Queen  
  19  2:00  Zergling x4  
  23  2:03  Roach Warren  
  23  2:06  Drone  
  23  2:07  Extractor  
  22  2:11  Drone  
  23  2:24  Baneling Nest  
  23  2:27  Drone  
  23  2:31  Zergling x2  
  23  2:33  Zergling x2  
  25  2:39  Drone  
  26  2:47  Roach  
  28  2:59  Overlord  
  28  3:00  Lair  
  28  3:08  Baneling x2  
  28  3:17  Extractor  
  27  3:20  Drone  
  28  3:29  Extractor, Drone  
  28  3:33  Drone  
  29  3:38  Drone  
  29  3:40  Drone  
  31  3:44  Drone  
  32  3:49  Drone  
  32  3:52  Drone  
  34  3:56  Drone  
  34  3:59  Hydralisk Den  
  34  4:11  Drone  
  35  4:17  Overlord  
  35  4:21  Drone  
  35  4:24  Drone  
  37  4:28  Hydralisk, Drone, Lurker Den  
  40  4:42  Roach  
  42  4:50  Overlord  
  42  4:56  Roach  
  44  5:02  Drone  
  44  5:05  Drone  
  46  5:09  Hydralisk, Drone  
  46  5:11  Drone  
  50  5:17  Overlord  
  50  5:20  Drone  
  51  5:22  Hydralisk  
  51  5:23  Drone  
  51  5:26  Drone  
  51  5:28  Drone  
  56  5:31  Drone  
  56  5:33  Drone  
  58  5:38  Drone  
  59  5:43  Drone, Overlord  
  59  5:45  Drone  
  59  5:47  Drone  
  62  5:50  Drone  
  62  5:54  Lurker x2  
  62  5:55  Hydralisk  
  67  6:01  Drone  
  68  6:06  Overlord  
  68  6:11  Evolution Chamber  
  67  6:12  Hydralisk Den  
  67  6:15  Drone  
  67  6:16  Hydralisk  
  67  6:17  Drone  
  70  6:19  Drone  
  70  6:21  Drone  
  70  6:23  Drone  
  73  6:31  Drone x2  
  75  6:37  Zerg Ground Armor Level 1  
  75  6:41  Overlord  
  75  6:42  Drone  
  75  6:45  Burrow  
  75  6:47  Drone, Roach  
  79  7:01  Overlord, Roach  
  81  7:13  Spore Crawler  
  81  7:14  Overseer x2, Roach  
  82  7:15  Spore Crawler  
  82  7:16  Drone  
  82  7:19  Spore Crawler  
  82  7:21  Overlord  
  82  7:22  Drone  
  82  7:26  Spore Crawler  
  82  7:27  Hydralisk, Drone  
  82  7:28  Ravager  
  85  7:32  Queen  
  87  7:39  Spine Crawler  
  87  7:40  Drone  
  87  7:41  Hydralisk, Spine Crawler  
  87  7:42  Drone  
  89  7:49  Overlord  
  89  7:53  Spine Crawler  
  89  7:54  Drone  
  89  7:55  Hydralisk  
  89  7:56  Queen  
  89  7:58  Spine Crawler  
  92  8:02  Infestation Pit  
  92  8:03  Drone  
  92  8:08  Spire  
  92  8:09  Lurker x2, Drone, Roach  
  96  8:21  Evolution Chamber  
  96  8:22  Hydralisk  
  97  8:31  Zerg Missile Weapons Level 1  
  97  8:36  Hydralisk  
  99  8:47  Zerg Melee Weapons Level 1  
  99  9:06  Infestor  
  99  9:07  Hive, Overlord, Pneumatized Carapace  
  101  9:10  Overseer  
  101  9:11  Infestor  
  101  9:16  Infestor, Hatchery  
  100  9:22  Zergling x2  
  101  9:26  Corruptor  
  76  9:32  Roach  
  76  9:36  Hydralisk  
  71  9:41  Hydralisk  
  73  9:47  Roach  
  73  9:52  Roach  
  77  9:57  Hydralisk, Overseer  
  79  10:02  Hydralisk  
  70  10:07  Hatchery  
  70  10:08  Zergling x2  
  70  10:12  Infestor  
  63  10:16  Queen  
  63  10:17  Roach  
  63  10:18  Roach  
  63  10:20  Greater Spire  
  65  10:22  Hydralisk  
  65  10:27  Hydralisk, Drone  
  64  10:33  Zergling x2, Roach x2  
  64  10:34  Drone x2  
  64  10:35  Drone  
  61  10:37  Drone  
  61  10:38  Roach  
  61  10:40  Drone  
  61  10:42  Hydralisk, Drone x3  
  61  10:47  Hydralisk, Drone  
  64  10:54  Hydralisk  
  62  10:57  Drone  
  62  11:00  Drone  
  62  11:02  Hatchery  
  62  11:03  Drone  
  62  11:04  Drone  
  62  11:05  Hydralisk, Zergling x2  
  62  11:11  Drone, Roach  
  58  11:17  Drone  
  49  11:19  Drone  
  49  11:20  Drone  
  47  11:28  Roach  
  47  11:30  Hydralisk  
  47  11:31  Extractor  
  46  11:35  Drone  
  46  11:36  Zergling x2  
  46  11:37  Extractor  
  46  11:38  Queen, Drone, Zergling x4, Roach  
  46  11:39  Zergling x2  
  48  11:42  Zergling x2  
  48  11:44  Drone  
  49  11:47  Zergling x2  
  49  11:49  Roach  
  51  11:59  Hatchery  
  51  12:01  Hydralisk, Drone  
  45  12:03  Extractor  
  45  12:04  Hatchery  
  44  12:09  Extractor, Drone, Roach  
  42  12:28  Drone  
  33  12:33  Zergling x2  
  33  12:34  Roach  
  33  12:41  Drone  
  33  12:43  Roach  
  32  12:47  Drone  
  32  12:48  Zergling x2  
  29  13:03  Zergling x2  
  27  13:06  Roach Warren  
  27  13:07  Drone x2  
Tags
 
Add a new tag
Caveats
  • Supply blocks, unpowered buildings, or Contaminate may cause inaccurate times.
  • Supply counts are checked every 10 seconds.